Map: Acid Plant LE

Players

liquidthermy (uThermal) - Winner!

  • Race: Protoss Protoss
  • League: Grandmaster
  • Spawn Location: 11:00

Zanster

  • Race: Zerg Zerg
  • League: Master
  • Spawn Location: 5:00

Event: HomeStory Cup XVII

VOD

Have the link to the VOD?

Description

Time

  • Played on: June 29, 2018, 12:02 p.m.
  • Length: 11:46

All games in this series

Show
View Real Time Build Order
Export as new Build Order

liquidthermy Protoss - Winner!

Build Orders:  

Get SALT Encoding   

  12  0:01  Probe  
  13  0:13  Probe  
  14  0:18  Pylon  
  14  0:23  Probe  
  15  0:32  Probe  
  15  0:38  Forge  
  15  0:40  Probe  
  17  0:53  Probe  
  17  0:54  Pylon  
  18  1:05  Probe  
  19  1:12  Photon Cannon  
  19  1:19  Gateway  
  19  1:22  Probe  
  20  1:32  Pylon  
  20  1:34  Probe  
  20  1:38  Assimilator  
  21  1:52  Photon Cannon, Probe  
  22  2:06  Photon Cannon  
  22  2:07  Cybernetics Core  
  22  2:18  Photon Cannon  
  22  2:21  Probe  
  23  2:28  Assimilator  
  23  2:34  Stalker  
  23  2:41  Photon Cannon  
  23  2:51  Shield Battery  
  25  2:55  Stalker  
  27  3:07  Shield Battery  
  27  3:10  Pylon  
  27  3:19  Stalker  
  27  3:20  Photon Cannon  
  29  3:31  Shield Battery  
  29  3:36  Shield Battery  
  29  3:44  Stalker  
  31  3:57  Robotics Facility  
  31  4:11  Stalker  
  31  4:14  Shield Battery  
  33  4:27  Photon Cannon  
  33  4:34  Stalker  
  33  4:37  Shield Battery  
  35  4:51  Immortal  
  37  5:03  Pylon  
  37  5:06  Sentry  
  39  5:24  Warp Prism  
  41  5:47  Probe, Warp Gate  
  42  5:58  Nexus  
  44  6:04  Sentry  
  44  6:15  Immortal  
  48  6:32  Robotics Bay  
  48  6:40  Probe  
  49  6:51  Immortal  
  49  6:59  Pylon  
  53  7:16  Probe  
  53  7:18  Disruptor  
  54  7:25  Probe  
  54  7:28  Probe  
  59  7:37  Probe  
  60  7:48  Probe  
  60  7:49  Disruptor  
  59  8:25  Pylon  
  59  8:26  Immortal  
  62  8:34  Assimilator  
  62  8:36  Assimilator  
  62  8:37  Pylon  
  62  8:46  Cybernetics Core  
  62  8:49  Forge  
  62  9:00  Pylon  
  62  9:08  Probe  
  63  9:10  Pylon  
  63  9:13  Protoss Ground Weapons Level 1  
  63  9:17  Disruptor  
  63  9:22  Photon Cannon  
  66  9:26  Shield Battery  
Show
View Real Time Build Order
Export as new Build Order

Zanster Zerg 

Build Orders: Pool First, Ravager All-In 

Get SALT Encoding   

  12  0:01  Drone  
  13  0:12  Overlord  
  13  0:16  Drone  
  14  0:31  Drone  
  14  0:32  Drone  
  16  0:41  Spawning Pool  
  15  0:44  Drone  
  15  0:48  Drone  
  17  0:57  Drone  
  18  1:12  Hatchery  
  17  1:18  Extractor  
  17  1:22  Extractor  
  15  1:29  Zergling x6  
  18  1:37  Roach Warren  
  17  1:42  Drone  
  18  1:51  Drone  
  19  2:01  Queen  
  19  2:06  Overlord  
  21  2:24  Roach x2  
  21  2:29  Roach  
  27  2:38  Roach  
  29  2:47  Ravager  
  29  2:48  Ravager  
  31  2:51  Drone  
  31  2:52  Drone x2  
  34  3:03  Drone x2  
  36  3:14  Metabolic Boost  
  36  3:20  Overlord  
  36  3:21  Overlord  
  36  3:39  Roach, Ravager  
  36  3:40  Zergling x8  
  43  3:50  Roach, Zergling x2  
  43  3:54  Roach  
  47  3:59  Overlord  
  47  4:02  Zergling x2  
  48  4:06  Ravager  
  49  4:11  Zergling x4  
  49  4:25  Zergling x2  
  49  4:26  Zergling x8  
  53  4:37  Roach, Zergling x4  
  53  4:38  Ravager  
  57  4:44  Roach  
  53  4:55  Roach, Zergling x2  
  53  4:56  Zergling x4  
  53  5:04  Zergling x6  
  55  5:07  Ravager  
  55  5:13  Zergling x4  
  51  5:23  Ravager  
  51  5:27  Zergling x2  
  53  5:38  Zergling x2  
  51  5:44  Lair  
  49  5:51  Overlord  
  49  5:57  Zergling x2  
  49  6:04  Ravager  
  51  6:08  Zergling x6  
  54  6:22  Zergling x2  
  55  6:27  Ravager  
  55  6:29  Roach x3  
  55  6:31  Overlord  
  62  6:40  Overlord  
  61  6:58  Queen  
  63  7:04  Drone x3, Nydus Network  
  63  7:20  Ravager  
  63  7:21  Zergling x4  
  66  7:42  Nydus Canal  
  66  7:44  Zergling x6  
  69  8:02  Zergling x2  
  69  8:04  Overlord  
  59  8:42  Hatchery  
Tags
 
Add a new tag
Caveats
  • Supply blocks, unpowered buildings, or Contaminate may cause inaccurate times.
  • Supply counts are checked every 10 seconds.